 Dungeon Crawl Stone Soup version 0.27-a0-1140-g099f9bb0e8 (webtiles) character file.

Game seed: 16266342522418613878

3274 leviel the Severer (level 9, -6/70 HPs)
             Began as a Minotaur Fighter on May 8, 2021.
             Was a Priest of Zin.
             Succumbed to an orc warrior's poison
             ... on level 6 of the Dungeon.
             The game lasted 00:08:10 (9278 turns).

leviel the Severer (Minotaur Fighter)               Turns: 9278, Time: 00:08:10

Health: -6/70      AC:  9    Str: 24    XL:     9   Next: 68%
Magic:  8/8        EV:  8    Int:  5    God:    Zin [***...]
Gold:   378        SH:  9    Dex: 10    Spells: 8/8 levels left

rFire    + . .     SeeInvis +   a - +0 war axe
rCold    . . .     Faith    .   c - +0 kite shield
rNeg     + . .     Spirit   .   i - +2 ring mail {rF+}
rPois    .         Reflect  .   (helmet restricted)
rElec    .         Harm     .   (no cloak)
rCorr    .         Rampage  .   m - +1 pair of gloves
Will     .....                  (no boots)
Stlth    ..........             (no amulet)
HPRegen  0.21/turn              p - ring of see invisible
MPRegen  0.11/turn              q - ring of positive energy

@: lethally poisoned (-6 -> -32)
A: horns 2, retaliatory headbutt
a: Renounce Religion, Recite, Vitalisation, Imprison, Donate Gold


You were on level 6 of the Dungeon.
You worshipped Zin.
Zin was most pleased with you.
You visited 1 branch of the dungeon, and saw 7 of its levels.

You collected 419 gold pieces.
You donated 41 gold pieces to Zin.

Inventory:

Hand Weapons
 a - a +0 war axe (weapon)
Missiles
 s - 13 atropa-tipped darts (quivered)
 w - a curare-tipped dart
Armour
 c - a +0 kite shield (worn)
 i - a +2 ring mail of fire resistance (worn)
 m - a +1 pair of gloves (worn)
Jewellery
 l - a ring of fire
 p - a ring of see invisible (left hand)
 q - a ring of positive energy (right hand)
Wands
 r - a wand of iceblast (2)
Scrolls
 b - a scroll of blinking {unknown}
 e - 2 scrolls of identify
 f - a scroll of amnesia {unknown}
 h - a scroll of enchant weapon {unknown}
 n - 3 scrolls of teleportation
 t - 2 scrolls of fear {unknown}
 x - a scroll of silence
Potions
 d - 5 potions of curing
 g - 2 potions of brilliance
 j - 2 potions of attraction
 k - a potion of mutation {unknown}
 o - a potion of resistance {unknown}
 u - a potion of flight {unknown}
 v - a potion of lignification {unknown}


   Skills:
 - Level 3.6 Fighting
 + Level 15.5 Axes
 - Level 3.6 Armour
 - Level 3.6 Shields


You had 8 spell levels left.
You didn't know any spells.
Your spell library contained the following spells:

 Spells                   Type           Power      Damage    Failure   Level
 Animate Skeleton         Necr           0%         N/A       98%         1
 Apportation              Tloc           0%         N/A       98%         1
 Corona                   Hex            0%         N/A       98%         1
 Magic Dart               Conj           0%         1d3       98%         1
 Pain                     Necr           0%         1d4       98%         1
 Summon Small Mammal      Summ           0%         N/A       98%         1
 Searing Ray              Conj           0%         3d3       99%         2
 Dazzling Flash           Conj/Hex       0%         N/A       100%        3
 Vampiric Draining        Necr           0%         2d6       100%        3
 Animate Dead             Necr           0%         N/A       100%        4
 Fulminant Prism          Conj/Hex       0%         3d6       100%        4
 Iskenderun's Mystic Bla  Conj/Tloc      0%         2d3       100%        4
 Agony                    Necr           0%         N/A       100%        5


Dungeon Overview and Level Annotations

Branches:
Dungeon (7/15)             Temple (0/1) D:5

Altars:
Gozag
Nemelex Xobeh
Okawaru
Qazlal
Sif Muna
Trog
Zin
Beogh


Innate Abilities, Weirdness & Mutations

You have a pair of horns on your head.
You reflexively headbutt those who attack you in melee.


Message History

You are more poisoned.
The orc priest invokes the aid of Beogh against you.
Beogh smites you!
There is a stone staircase leading up, spattered with blood here.
You miss the orc wizard. Your headbutt misses the orc wizard.
The orc wizard is almost dead.
You feel very sick. You block the orc warrior's attack.
The orc wizard casts a spell at you. The puff of flame hits you. You resist.
You block the orc's attack.
You slash the orc wizard!
You kill the orc wizard!
You feel very sick.
The orc warrior hits you but does no damage.
You are more poisoned.
The orc hits you but does no damage.
Unknown command.
* * * LOW HITPOINT WARNING * * *
You feel very sick.
The orc warrior hits you from afar with a +1 trident of venom!
* * * LOW HITPOINT WARNING * * *
You are more poisoned.
The orc hits you from afar with a +0 trident.
* * * LOW HITPOINT WARNING * * *
The orc priest barely misses you.
Items here: ( ))) [ †.
* * * LOW HITPOINT WARNING * * *
You feel very sick.
The orc warrior hits you from afar with a +1 trident of venom!
Zin protects you from harm!
You are more poisoned.
The orc hits you from afar with a +0 trident.
* * * LOW HITPOINT WARNING * * *
There is a stone staircase leading up, spattered with blood here.
Zin protects you from harm!
The orc warrior hits you from afar with a +1 trident of venom.
* * * LOW HITPOINT WARNING * * *
You block the orc's attack. You block the orc priest's attack.
You climb upwards.
You die...

#### ##..### ######
.<....###
##.##)#################
........#
#..#.)@o...............
....>...#
#..#..[........####..##
......).# #......#########
####
........###........####
......................###
########.....##.........###
####..##...........##
##.###...........## #.#
##...........###


You could see an orc priest.

Vanquished Creatures
  A manticore (D:6)
  The ghost of Zonian the Conjurer, a novice VSCj (D:5)
  Sigmund (D:3)
  A wyvern (D:6)
  Duvessa (D:6)
  An ice beast (D:6)
  2 black bears (D:6)
  An orc warrior (D:5)
  A necrophage (D:4)
  2 ogres (D:6)
  A centaur (D:6)
  A phantom (D:6)
  3 kobold brigands
  A gnoll sergeant (D:5)
  A bullfrog (D:6)
  A water moccasin zombie (D:6)
  2 scorpions
  Dowan (D:6)
  A water moccasin skeleton (D:6)
  A howler monkey (D:6)
  2 centaur zombies (D:6)
  A jelly (D:5)
  3 hounds
  2 orc priests
  Jessica (D:2)
  Terence (D:2)
  5 iguanas
  Natasha (thrice) (D:2)
  2 orc wizards
  3 hound skeletons (D:4)
  5 adders
  5 gnolls
  A shadow imp (D:6)
  An adder skeleton (D:4)
  2 worms (D:4)
  35 orcs
  2 bats
  3 endoplasms
  7 giant cockroaches
  8 goblins
  6 hobgoblins
  7 jackals
  3 quokkas (D:2)
  12 ball pythons
  3 frilled lizards
  15 kobolds
  24 rats
187 creatures vanquished.

Vanquished Creatures (others)
  2 fungi (D:3)
2 creatures vanquished.

Grand Total: 189 creatures vanquished

Notes
Turn   | Place    | Note
-------+----------+-------------------------------------------
     0 | D:1      | leviel the Minotaur Fighter began the quest for the Orb.
     0 | D:1      | Reached XP level 1. HP: 19/19 MP: 0/0
   119 | D:1      | Reached skill level 3 in Axes
   124 | D:1      | Reached XP level 2. HP: 20/26 MP: 1/1
   198 | D:1      | Found a glowing silver altar of Zin.
   235 | D:1      | Became a worshipper of Zin the Law-Giver
   426 | D:1      | Reached * piety under Zin
   464 | D:1      | Reached skill level 4 in Axes
   474 | D:1      | Reached XP level 3. HP: 22/31 MP: 2/2
  1159 | D:2      | Noticed Terence
  1172 | D:2      | Killed Terence
  1173 | D:2      | Reached skill level 5 in Axes
  1191 | D:2      | Noticed Natasha
  1195 | D:2      | Killed Natasha
  1196 | D:2      | Reached XP level 4. HP: 20/39 MP: 3/3
  1202 | D:2      | Noticed Jessica
  1210 | D:2      | Killed Jessica
  1211 | D:2      | Reached skill level 6 in Axes
  1548 | D:2      | Noticed a scorpion
  1561 | D:2      | Killed a scorpion
  1562 | D:2      | Reached XP level 5. HP: 7/45 MP: 4/4
  2098 | D:2      | Noticed Natasha
  2108 | D:2      | Killed Natasha
  2109 | D:2      | Reached skill level 7 in Axes
  2188 | D:2      | Noticed Natasha
  2197 | D:2      | Killed Natasha
  2431 | D:3      | Found a faded altar of an unknown god.
  2736 | D:3      | Reached XP level 6. HP: 44/51 MP: 5/5
  2899 | D:3      | Noticed Sigmund
  2905 | D:3      | Killed Sigmund
  2906 | D:3      | Reached skill level 8 in Axes
  3316 | D:3      | Reached skill level 9 in Axes
  4058 | D:4      | Reached XP level 7. HP: 27/57 MP: 6/6
  4319 | D:4      | Reached ** piety under Zin
  4600 | D:4      | Reached skill level 10 in Axes
  4879 | D:5      | Entered Level 5 of the Dungeon
  4879 | D:5      | Found a staircase to the Ecumenical Temple.
  5288 | D:5      | Found a runed translucent gate.
  5289 | D:5      | Noticed Zonian's ghost (novice VSCj)
  5406 | D:5      | Found a stormy altar of Qazlal.
  5502 | D:5      | Reached *** piety under Zin
  5569 | D:5      | Reached skill level 11 in Axes
  5591 | D:5      | Found a bloodstained altar of Trog.
  5592 | D:5      | Found an iron altar of Okawaru.
  5895 | D:5      | Found a runed translucent gate.
  5897 | D:5      | Found a runed translucent gate.
  5897 | D:5      | Identified the +5 chain mail of Serendipity {rF+}
  5995 | D:5      | Reached XP level 8. HP: 46/64 MP: 7/7
  6022 | D:5      | Killed Zonian's ghost
  6023 | D:5      | Reached skill level 12 in Axes
  6655 | D:6      | Reached skill level 13 in Axes
  7127 | D:6      | Reached XP level 9. HP: 11/70 MP: 8/8
  7836 | D:6      | Reached skill level 14 in Axes
  7963 | D:6      | Reached **** piety under Zin
  8013 | D:6      | Found an opulent altar of Gozag.
  8015 | D:6      | Noticed Duvessa
  8015 | D:6      | Noticed Dowan
  8031 | D:6      | Killed Duvessa
  8038 | D:6      | Killed Dowan
  8305 | D:6      | Found a sparkling altar of Nemelex Xobeh.
  8397 | D:6      | Found a shimmering blue altar of Sif Muna.
  8411 | D:6      | Noticed a manticore
  8768 | D:6      | Killed a manticore
  8769 | D:6      | Reached skill level 15 in Axes
  9276 | D:7      | Zin protects you from harm!
  9277 | D:7      | Zin protects you from harm!
  9277 | D:7      | HP: 2/70 [orc warrior/+1 trident of venom (3)]
  9278 | D:6      | Succumbed to an orc warrior's poison

Illustrated notes

Levels and vault maps discovered:
D:1:      lemuel_arrival_broad_hall, layout_loops_ring, kennysheep_crisscross,
          nrook_campfire, minmay_hexomino_r4
D:2:      layout_basic, minmay_rat_hole, uniq_jessica, uniq_natasha,
          uniq_terence
D:3:      layout_basic, hellmonk_ecumenical_altar_blasted, grunt_ministairs_4,
          minmay_shallow_snake_nest, uniq_sigmund
D:4:      cheibrodos_old_hovel, layout_rooms, minmay_joined_circles
D:5:      layout_layer_cave, grunt_temple_overflow_bloody_war,
          grunt_qazlal_sundering, temple_pool_b, biasface_ghost_orc_armoury
D:6:      layout_cave_pods, led_sif_pool, nicolae_gozag_seed_capital,
          kennysheep_mini_moat, minmay_divided_ellipse, uniq_duvessa
D:7:      layout_cave_pods, xom_teletrap_fun

Skill      XL: |  1  2  3  4  5  6  7  8  9 |
---------------+----------------------------+-----
Axes           | 3 4 5 6 7 9 11 13 15 | 15.5
Fighting       | |  3.6
Armour         | |  3.6
Shields        | |  3.6

Action                   |  1- 3 |  4- 6 |  7- 9 || total
-------------------------+-------+-------+-------++-------
Melee: War axe           |    73 |   133 |   237 ||   443
       Headbutt          |    11 |    22 |    50 ||    83
Invok: Recite            |     1 |     1 |     1 ||     3
       Vitalisation      |       |       |     1 ||     1
Evoke: Wand              |       |       |     2 ||     2
  Use: Potion            |       |     1 |     3 ||     4
       Scroll            |       |     7 |       ||     7
 Stab: Confused          |       |       |     1 ||     1
Armor: Scale mail        |    32 |    44 |     3 ||    79
       Ring mail         |       |       |    85 ||    85
Dodge: Dodged            |    20 |    35 |    76 ||   131
Block: Kite shield       |    40 |    66 |   122 ||   228

Table legend: (Time is in decaauts)
 A = Elapsed time spent in this place.
 B = Non-inter-level travel time spent in this place.
 C = Inter-level travel time spent in this place.
 D = Time resting spent in this place.
 E = Time spent auto-exploring this place.
 F = Levels seen in this place.
 G = Mean time per level.
                   A        B        C        D        E       F      G
               +--------+--------+--------+--------+--------+-----+--------+
         Total |   9400 |   9158 |    242 |   2897 |   5256 |   7 | 1342.9 |
       Dungeon |   9400 |   9158 |    242 |   2897 |   5256 |   7 | 1342.9 |
               +--------+--------+--------+--------+--------+-----+--------+

Top non-repeatable levels by time:
     D:6: 2756 daAuts
     D:5: 1635 daAuts
     D:3: 1564 daAuts
     D:2: 1445 daAuts
     D:1: 993 daAuts
     D:4: 968 daAuts
     D:7: 37 daAuts
